 Dungeon Crawl Stone Soup version 0.25.0-1-g7eea58d2a3 (webtiles) character file.

Game seed: 6970526136441502208

269 sking99 the Gusty (level 6, 0/36 HPs)
             Began as a Halfling Air Elementalist on June 13, 2020.
             Was a Follower of Fedhas.
             Slain by a hound (3 damage)
             ... on level 4 of the Dungeon.
             The game lasted 00:14:20 (4416 turns).

sking99 the Gusty (Halfling Air Elementalist)       Turns: 4416, Time: 00:14:21

Health: 0/36       AC:  3    Str: 10    XL:     6   Next: 46%
Magic:  0/10       EV: 14    Int: 14    God:    Fedhas [*.....]
Gold:   131        SH:  0    Dex: 15    Spells: 10/11 levels left

rFire    . . .     SeeInvis .   (weapon restricted)
rCold    . . .     Gourm    .   (shield restricted)
rNeg     . . .     Faith    .   t - +0 leather armour
rPois    .         Spirit   .   (no helmet)
rElec    .         Reflect  .   (no cloak)
rCorr    .         Harm     .   (no gloves)
MR       .....                  (no boots)
Stlth    ++........             (no amulet)
HPRegen  0.12/turn              (no ring)
MPRegen  0.12/turn              (no ring)

@: very slightly contaminated
A: small, mutation resistance 1
a: Renounce Religion


You were on level 4 of the Dungeon.
You worshipped Fedhas.
Fedhas was aware of your devotion.
You were very hungry.

You visited 1 branch of the dungeon, and saw 4 of its levels.

You collected 131 gold pieces.

Inventory:

Armour
 a - a +0 robe
 o - a +2 helmet
 s - a +0 kite shield
 t - a +0 leather armour (worn)
Scrolls
 d - 4 scrolls of identify {unknown}
 g - a scroll of remove curse {unknown}
 i - a scroll of enchant armour {unknown}
 j - a scroll of enchant weapon {unknown}
 p - a scroll of teleportation {unknown}
 u - a scroll of random uselessness {unknown}
Potions
 b - a potion of flight {unknown}
 e - 3 potions of curing {unknown}
 f - a potion of cancellation {unknown}
 h - 4 potions of brilliance {unknown}
 k - a potion of resistance {unknown}
 l - a potion of degeneration {unknown}
 m - a potion of lignification {unknown}
 n - a potion of stabbing {unknown}
 q - a potion of haste {unknown}
 r - a potion of invisibility {unknown}
Comestibles
 c - 5 rations


   Skills:
 - Level 2.4 Dodging
 - Level 2.5 Stealth
 + Level 1.7 Shields
 - Level 3.1 Spellcasting
 - Level 1.0 Conjurations
 + Level 5.0 Air Magic


You had 10 spell levels left.
You knew the following spells:

 Your Spells              Type           Power        Failure   Level  Hunger
a - Shock                 Conj/Air       ##..         9%          1    #......

Your spell library contained the following spells:

 Spells                   Type           Power        Failure   Level  Hunger
 Swiftness                Chrm/Air       #.......     16%         2    ##.....
 Static Discharge         Conj/Air       ##......     24%         3    ###....
 Airstrike                Air            ###.......   34%         4    #####..
 Lightning Bolt           Conj/Air       ##........   92%         5    ######.


Dungeon Overview and Level Annotations

Branches:
Dungeon (4/15)
 Temple: D:4-7

Altars:
Fedhas
Nemelex Xobeh
Yredelemnul


Innate Abilities, Weirdness & Mutations

You are small and have problems with some larger weapons.
You are somewhat resistant to further mutation.


Message History

The hound bites you.
* * * LOW HITPOINT WARNING * * *
Casting: Shock (safe; 9% risk of failure)
Confirm with . or Enter, or press ? or * to list all spells.
Aiming: Shock (safe; 9% risk of failure)
Press: ? - help, Shift-Dir - straight line
Okay, then.
The hound bites you but does no damage.
Casting: Shock (safe; 9% risk of failure)
Confirm with . or Enter, or press ? or * to list all spells.
Aiming: Shock (safe; 9% risk of failure)
Press: ? - help, Shift-Dir - straight line The zap misses the hound. x2; The hound bites you.
* * * LOW HITPOINT WARNING * * *
The hound bites you.
* * * LOW HITPOINT WARNING * * *
The hound closely misses you. The hound bites you.
You die...
Fedhas appreciates your contribution to the ecosystem.

#..#.########.#.#.#.##.##
#..#.########.#.#...#...#
#..#.#...(....#.###.#.###
#..#.#.########.# ###.#
...#.#.# #....# #.# .#
#.#.#####.########.#
#.#.....#.#........#
#####h#...#..##..###
#@#..###.......#
#...#'#'#..#..##
###..###.###....#
#...###._.###.#.#
#.#..###.###..#<#
#.##.W#####....## #
##..###.....#
#...#..###.# #.#...## #.#


You could see a hound.

Vanquished Creatures
  A phantom (D:4)
  A jelly (D:3)
  2 orc priests (D:3)
  3 adders
  A worm (D:3)
  2 leopard geckos (D:2)
  6 orcs
  5 bats
  2 giant cockroaches (D:2)
  2 gnoll zombies (D:3)
  7 goblins
  4 hobgoblins
  4 jackals (D:3)
  9 kobolds
  2 quokkas (D:3)
  2 frilled lizards
  A quokka zombie (D:2)
  9 rats
63 creatures vanquished.

Notes
Turn   | Place    | Note
-------+----------+-------------------------------------------
     0 | D:1      | sking99 the Halfling Air Elementalist began the quest for
                  | the Orb.
     0 | D:1      | Reached XP level 1. HP: 11/11 MP: 3/3
   323 | D:1      | Reached XP level 2. HP: 17/17 MP: 2/4
   334 | D:1      | Reached skill level 1 in Conjurations
  1057 | D:2      | Reached XP level 3. HP: 21/21 MP: 2/5
  1609 | D:2      | Found a blossoming altar of Fedhas.
  1665 | D:2      | Became a worshipper of Fedhas Madash
  1701 | D:2      | Found a faded altar of an unknown god.
  2148 | D:3      | Reached XP level 4. HP: 27/27 MP: 5/7
  2426 | D:3      | Reached skill level 4 in Air Magic
  2426 | D:3      | Reached XP level 5. HP: 31/31 MP: 1/9
  3262 | D:3      | Reached * piety under Fedhas
  3762 | D:3      | Reached XP level 6. HP: 36/36 MP: 1/10
  3839 | D:3      | Found a basalt altar of Yredelemnul.
  4028 | D:4      | Noticed a phantom
  4193 | D:4      | Killed a phantom
  4193 | D:4      | Reached skill level 1 in Shields
  4193 | D:4      | Reached skill level 5 in Air Magic
  4279 | D:4      | Found a sparkling altar of Nemelex Xobeh.
  4416 | D:4      | Slain by a hound

Illustrated notes

Levels and vault maps discovered:
D:1:      onia_arrival_pyramid, layout_rooms, minmay_domino_4
D:2:      layout_loops_ring, marbit_many_paths,
          chequers_ecumenical_altar_simple_redux, first_ration
D:3:      layout_loops_ring, lemuel_zombie_altar_yredelemnul
D:4:      minmay_wonky_spiral, layout_basic, serial_shops, shop,
          nemelex_diamond_rough_becter, uniq_grinder

Skill      XL: |  1  2  3  4  5  6 |
---------------+-------------------+-----
Conjurations   | 1 |  1.0
Spellcasting   | 2 3 |  3.1
Air Magic      | 4 5 |  5.0
Shields        | 1 |  1.7
Dodging        | |  2.4
Stealth        | |  2.5

Action                   |  1- 3 |  4- 6 || total
-------------------------+-------+-------++-------
Melee: Unarmed           |     4 |       ||     4
 Cast: Shock             |    86 |   122 ||   208
  Eat: Chunk             |     6 |     7 ||    13
Armor: Robe              |     5 |     4 ||     9
       Leather armour    |       |    10 ||    10
Dodge: Dodged            |    34 |    34 ||    68
